[ AOE2 MATCH · #506307544 ]
UnrankedSicilians vs Mongols
Player's team · LOSS
Rival team · WIN
[ REPLAY ANALYSIS · EXTRACTED FROM THE RECORDED GAME ]
Feudal
9:00
Castle
20:22
Imperial
—
| APM avg | 63.5 |
| APM peak | 93 |
| eAPM avg | 21.6 |
| Villagers / military | 75 / 36 |
Focus
⚔️ 42.3% · 🌾 57.7%
Knight ×20 · Scout Cavalry ×11 · Spearman ×3 · Monk ×2
Feudal
8:01
Castle
20:10
Imperial
—
| APM avg | 36.7 |
| APM peak | 84 |
| eAPM avg | 21.6 |
| Villagers / military | 105 / 55 |
Focus
⚔️ 27.6% · 🌾 72.4%
Camel Scout ×21 · Steppe Lancer ×19 · Scout Cavalry ×9 · Monk ×4 · Spearman ×2
Match map
Initial resources + every placement click. Lines = walls · curves = elevation contours. ◆ gold · ⬟ stone · ● berries · ✦ relic · ◌ wall gap
Your base· ✓ Closed at 20:22 · 43t walls · no gate
Ripthepie's base· ✓ Closed at 20:10 · 31t walls · 1 gate(s)
Smoothed initial terrain · ◌ = detected wall gap · hover for details
Inputs per minute
— Fabrizio 094455 - - Ripthepie
Build order — Fabrizio 094455
First 150 of 198 actions detected
| 0:01 | Queue | Villager (Male) |
| 0:01 | Queue | Villager (Male) |
| 0:01 | Queue | Villager (Male) |
| 0:02 | Build | House |
| 0:04 | Build | House |
| 0:07 | Queue | Villager (Male) |
| 1:23 | Queue | Villager (Male) |
| 1:24 | Queue | Villager (Male) |
| 1:56 | Build | Lumber Camp |
| 2:09 | Queue | Villager (Male) |
| 2:09 | Queue | Villager (Male) |
| 2:17 | Queue | Villager (Male) |
| 2:17 | Queue | Villager (Male) |
| 2:45 | Queue | Villager (Male) |
| 2:45 | Queue | Villager (Male) |
| 3:10 | Queue | Villager (Male) |
| 3:11 | Queue | Villager (Male) |
| 3:26 | Queue | Villager (Male) |
| 3:27 | Queue | Villager (Male) |
| 3:44 | Build | House |
| 3:55 | Queue | Villager (Male) |
| 4:24 | Queue | Villager (Male) |
| 4:24 | Queue | Villager (Male) |
| 4:58 | Queue | Villager (Male) |
| 5:09 | Build | Mill |
| 5:12 | Queue | Villager (Male) |
| 5:41 | Research | Loom |
| 5:46 | Queue | Villager (Male) |
| 6:25 | Research | Loom |
| 6:46 | Research | Feudal Age |
| 6:46 | Research | Feudal Age |
| 7:38 | Build | Palisade Wall |
| 7:50 | Build | Barracks |
| 8:15 | Build | House |
| 8:27 | Queue | Villager (Male) |
| 8:42 | Build | House |
| 9:00 | Age | Feudal Age |
| 9:07 | Build | Stable |
| 9:17 | Research | Double-Bit Axe |
| 9:19 | Queue | Villager (Male) |
| 9:27 | Build | Palisade Wall |
| 9:32 | Queue | Spearman |
| 9:34 | Build | Palisade Wall |
| 9:41 | Queue | Villager (Male) |
| 9:43 | Build | Farm |
| 9:49 | Queue | Scout Cavalry |
| 9:51 | Queue | Scout Cavalry |
| 9:53 | Build | House |
| 10:00 | Build | Farm |
| 10:24 | Queue | Scout Cavalry |
| 10:27 | Build | House |
| 10:33 | Build | House |
| 10:59 | Build | Farm |
| 10:59 | Queue | Villager (Male) |
| 11:00 | Queue | Villager (Male) |
| 11:09 | Build | Palisade Wall |
| 11:17 | Build | Farm |
| 11:18 | Build | Farm |
| 11:28 | Build | House |
| 11:32 | Queue | Scout Cavalry |
| 11:35 | Queue | Villager (Male) |
| 11:35 | Queue | Villager (Male) |
| 11:38 | Build | Farm |
| 11:40 | Build | Farm |
| 11:46 | Queue | Villager (Male) |
| 11:46 | Queue | Villager (Male) |
| 11:56 | Build | Palisade Wall |
| 12:03 | Build | Palisade Wall |
| 12:05 | Build | Palisade Wall |
| 12:13 | Queue | Scout Cavalry |
| 12:31 | Build | Farm |
| 12:32 | Queue | Villager (Male) |
| 12:33 | Queue | Villager (Male) |
| 12:41 | Build | Palisade Wall |
| 13:05 | Queue | Villager (Male) |
| 13:07 | Build | Farm |
| 13:09 | Build | Farm |
| 13:26 | Queue | Villager (Male) |
| 13:30 | Build | Blacksmith |
| 13:37 | Build | Farm |
| 13:43 | Queue | Villager (Male) |
| 14:02 | Queue | Villager (Male) |
| 14:05 | Build | House |
| 14:09 | Build | House |
| 14:16 | Queue | Villager (Male) |
| 14:21 | Build | Farm |
| 14:25 | Build | Palisade Wall |
| 14:32 | Queue | Spearman |
| 14:39 | Build | House |
| 15:07 | Queue | Villager (Male) |
| 15:09 | Queue | Spearman |
| 15:15 | Build | Mining Camp |
| 15:21 | Build | House |
| 15:46 | Queue | Villager (Male) |
| 16:09 | Build | Lumber Camp |
| 16:23 | Queue | Villager (Male) |
| 16:23 | Queue | Villager (Male) |
| 16:24 | Queue | Villager (Male) |
| 16:29 | Build | Farm |
| 16:30 | Build | Farm |
| 17:01 | Build | Farm |
| 17:42 | Research | Castle Age |
| 17:42 | Research | Castle Age |
| 17:50 | Build | Farm |
| 17:51 | Build | Farm |
| 18:03 | Build | House |
| 18:07 | Build | Stable |
| 18:13 | Build | Stable |
| 18:17 | Build | Stable |
| 18:20 | Build | Palisade Wall |
| 18:28 | Research | Horse Collar |
| 18:28 | Research | Horse Collar |
| 18:35 | Build | Farm |
| 18:37 | Queue | Scout Cavalry |
| 18:56 | Queue | Scout Cavalry |
| 18:59 | Research | Bloodlines |
| 18:59 | Research | Bloodlines |
| 19:12 | Queue | Scout Cavalry |
| 19:39 | Build | Farm |
| 19:43 | Queue | Scout Cavalry |
| 19:45 | Queue | Scout Cavalry |
| 20:16 | Queue | Scout Cavalry |
| 20:19 | Queue | Villager (Male) |
| 20:22 | Age | Castle Age |
| 20:31 | Build | Town Center |
| 20:40 | Queue | Villager (Male) |
| 20:41 | Queue | Knight |
| 20:42 | Queue | Knight |
| 20:47 | Queue | Villager (Male) |
| 21:01 | Queue | Knight |
| 21:06 | Queue | Knight |
| 21:07 | Queue | Knight |
| 21:39 | Queue | Knight |
| 21:39 | Queue | Knight |
| 21:40 | Queue | Villager (Male) |
| 22:10 | Queue | Villager (Male) |
| 22:12 | Build | Monastery |
| 22:15 | Queue | Villager (Male) |
| 22:22 | Queue | Knight |
| 22:34 | Queue | Villager (Male) |
| 22:42 | Research | Forging |
| 22:47 | Queue | Monk |
| 23:02 | Queue | Villager (Male) |
| 23:02 | Queue | Villager (Male) |
| 23:14 | Queue | Villager (Male) |
| 23:14 | Queue | Villager (Male) |
| 23:22 | Queue | Villager (Male) |
| 23:33 | Build | Stone Wall |
| 23:44 | Queue | Knight |
| 23:44 | Queue | Knight |
Build order — Ripthepie
First 150 of 247 actions detected
| 0:01 | Queue | Villager (Male) |
| 0:01 | Queue | Villager (Male) |
| 0:02 | Queue | Villager (Male) |
| 0:02 | Queue | Villager (Male) |
| 0:02 | Queue | Villager (Male) |
| 0:03 | Build | House |
| 0:04 | Build | House |
| 1:23 | Queue | Villager (Male) |
| 1:58 | Queue | Villager (Male) |
| 2:13 | Queue | Villager (Male) |
| 2:13 | Queue | Villager (Male) |
| 2:26 | Build | Lumber Camp |
| 2:42 | Queue | Villager (Male) |
| 3:03 | Queue | Villager (Male) |
| 3:23 | Queue | Villager (Male) |
| 3:30 | Queue | Villager (Male) |
| 3:30 | Queue | Villager (Male) |
| 3:30 | Queue | Villager (Male) |
| 3:42 | Build | House |
| 3:56 | Queue | Villager (Male) |
| 3:56 | Queue | Villager (Male) |
| 4:40 | Queue | Villager (Male) |
| 5:21 | Build | Mill |
| 5:46 | Research | Feudal Age |
| 5:47 | Research | Feudal Age |
| 6:01 | Research | Loom |
| 6:01 | Research | Loom |
| 6:13 | Build | House |
| 6:14 | Build | Palisade Wall |
| 6:15 | Build | Palisade Wall |
| 6:38 | Queue | Villager (Male) |
| 6:38 | Queue | Villager (Male) |
| 7:13 | Build | Barracks |
| 8:01 | Age | Feudal Age |
| 8:03 | Queue | Villager (Male) |
| 8:03 | Queue | Villager (Male) |
| 8:05 | Build | Stable |
| 8:14 | Research | Double-Bit Axe |
| 8:34 | Build | Palisade Wall |
| 8:36 | Build | House |
| 8:38 | Build | Palisade Wall |
| 8:38 | Build | Palisade Wall |
| 8:49 | Queue | Scout Cavalry |
| 8:49 | Queue | Scout Cavalry |
| 8:57 | Build | Mill |
| 9:07 | Queue | Spearman |
| 9:34 | Queue | Scout Cavalry |
| 9:35 | Queue | Scout Cavalry |
| 9:46 | Build | Farm |
| 9:48 | Build | Farm |
| 10:00 | Queue | Villager (Male) |
| 10:21 | Queue | Villager (Male) |
| 10:22 | Queue | Villager (Male) |
| 10:32 | Build | Farm |
| 10:35 | Build | Farm |
| 10:36 | Build | House |
| 10:40 | Build | House |
| 10:49 | Queue | Villager (Male) |
| 11:03 | Queue | Villager (Male) |
| 11:07 | Queue | Spearman |
| 11:24 | Build | Palisade Gate |
| 11:27 | Build | Palisade Wall |
| 11:28 | Queue | Villager (Male) |
| 11:39 | Build | House |
| 11:42 | Build | Palisade Wall |
| 11:45 | Queue | Scout Cavalry |
| 11:45 | Queue | Scout Cavalry |
| 11:57 | Queue | Villager (Male) |
| 12:00 | Build | Farm |
| 12:12 | Queue | Scout Cavalry |
| 12:23 | Build | Blacksmith |
| 12:24 | Build | Palisade Wall |
| 12:29 | Build | Palisade Wall |
| 12:31 | Build | Palisade Wall |
| 12:38 | Queue | Scout Cavalry |
| 12:39 | Queue | Scout Cavalry |
| 12:43 | Build | Farm |
| 12:44 | Build | Farm |
| 12:46 | Queue | Villager (Male) |
| 12:46 | Queue | Villager (Male) |
| 12:54 | Queue | Villager (Male) |
| 12:55 | Queue | Villager (Male) |
| 13:05 | Build | Farm |
| 13:08 | Build | Farm |
| 13:13 | Queue | Villager (Male) |
| 13:22 | Build | House |
| 13:27 | Queue | Villager (Male) |
| 13:36 | Build | Farm |
| 13:38 | Build | Farm |
| 13:45 | Queue | Villager (Male) |
| 13:46 | Queue | Villager (Male) |
| 13:53 | Build | Farm |
| 14:01 | Build | House |
| 14:04 | Queue | Villager (Male) |
| 14:31 | Research | Forging |
| 14:32 | Research | Forging |
| 14:36 | Build | Mining Camp |
| 14:41 | Build | Farm |
| 14:43 | Build | Farm |
| 14:44 | Build | Farm |
| 14:45 | Queue | Villager (Male) |
| 14:45 | Queue | Villager (Male) |
| 15:03 | Queue | Villager (Male) |
| 15:20 | Queue | Villager (Male) |
| 15:23 | Build | Farm |
| 15:24 | Build | Farm |
| 15:57 | Research | Wheelbarrow |
| 16:50 | Build | Lumber Camp |
| 17:30 | Research | Castle Age |
| 17:30 | Research | Castle Age |
| 17:58 | Research | Horse Collar |
| 17:58 | Research | Horse Collar |
| 18:27 | Build | Stable |
| 18:30 | Research | Bloodlines |
| 18:30 | Research | Bloodlines |
| 18:43 | Research | Gold Mining |
| 18:43 | Research | Gold Mining |
| 18:54 | Build | Farm |
| 18:56 | Build | Farm |
| 19:04 | Build | Farm |
| 19:17 | Build | Stable |
| 19:31 | Build | Farm |
| 19:33 | Queue | Villager (Male) |
| 19:33 | Queue | Villager (Male) |
| 20:10 | Age | Castle Age |
| 20:14 | Queue | Steppe Lancer ×4 |
| 20:14 | Queue | Steppe Lancer ×5 |
| 20:24 | Build | Farm |
| 20:33 | Queue | Steppe Lancer |
| 20:33 | Queue | Steppe Lancer |
| 20:37 | Queue | Villager (Male) |
| 20:37 | Queue | Villager (Male) |
| 20:42 | Build | Farm |
| 20:54 | Queue | Steppe Lancer |
| 20:55 | Queue | Steppe Lancer |
| 20:55 | Queue | Steppe Lancer |
| 20:59 | Queue | Villager (Male) |
| 21:11 | Queue | Villager (Male) |
| 21:22 | Queue | Camel Scout |
| 21:22 | Queue | Camel Scout |
| 21:22 | Queue | Camel Scout |
| 21:27 | Queue | Camel Scout |
| 21:27 | Queue | Camel Scout |
| 21:28 | Queue | Camel Scout |
| 21:40 | Queue | Villager (Male) |
| 21:42 | Queue | Camel Scout |
| 21:43 | Queue | Camel Scout |
| 21:50 | Queue | Villager (Male) |
| 21:51 | Queue | Villager (Male) |
| 21:54 | Build | Town Center |
Match timeline
| 6:14 | Ripthepie · wall_segment Palisade Wall x1 |
| 6:15 | Ripthepie · wall_segment Palisade Wall x1 |
| 7:13 | Ripthepie · first_building Barracks |
| 7:38 | Fabrizio 094455 · wall_segment Palisade Wall x1 |
| 7:50 | Fabrizio 094455 · first_building Barracks |
| 8:01 | Ripthepie · age_up feudal |
| 8:05 | Ripthepie · first_building Stable |
| 8:34 | Ripthepie · wall_segment Palisade Wall x1 |
| 8:38 | Ripthepie · wall_segment Palisade Wall x1 |
| 8:38 | Ripthepie · wall_segment Palisade Wall x1 |
| 9:00 | Fabrizio 094455 · age_up feudal |
| 9:07 | Fabrizio 094455 · first_building Stable |
| 9:27 | Fabrizio 094455 · wall_segment Palisade Wall x1 |
| 9:34 | Fabrizio 094455 · wall_segment Palisade Wall x4 |
| 11:09 | Fabrizio 094455 · wall_segment Palisade Wall x7 |
| 11:27 | Ripthepie · wall_segment Palisade Wall x12 |
| 11:42 | Ripthepie · wall_segment Palisade Wall x9 |
| 11:56 | Fabrizio 094455 · wall_segment Palisade Wall x10 |
| 12:03 | Fabrizio 094455 · wall_segment Palisade Wall x5 |
| 12:05 | Fabrizio 094455 · wall_segment Palisade Wall x1 |
| 12:24 | Ripthepie · wall_segment Palisade Wall x1 |
| 12:29 | Ripthepie · wall_segment Palisade Wall x3 |
| 12:31 | Ripthepie · wall_segment Palisade Wall x3 |
| 12:41 | Fabrizio 094455 · wall_segment Palisade Wall x13 |
| 14:25 | Fabrizio 094455 · wall_segment Palisade Wall x1 |
| 18:20 | Fabrizio 094455 · wall_segment Palisade Wall x1 |
| 20:10 | Ripthepie · age_up castle |
| 20:22 | Fabrizio 094455 · age_up castle |
| 22:12 | Fabrizio 094455 · first_building Monastery |
| 23:33 | Fabrizio 094455 · wall_segment Stone Wall x1 |
| 23:49 | Ripthepie · first_building Monastery |
| 24:26 | Fabrizio 094455 · wall_segment Palisade Wall x1 |
| 26:33 | Fabrizio 094455 · wall_segment Palisade Wall x1 |
| 28:09 | Fabrizio 094455 · resign |
[ AI ANALYSIS · 1 CREDIT ]
What really happened in this match?
Wolo.gg analyzes every decision: build order, eco, micro, common mistakes by bracket. Personalized analysis on WhatsApp or Discord in 30 seconds.
Civ guide
Sicilians
Perfil
Jugador #5843090